 Dungeon Crawl Stone Soup version 0.19-a0-892-g8a19e52 (webtiles) character file.

220 4thArraOfDagon the Skirmisher (level 5, -1/48 HPs)
             Began as a Demigod Wanderer on July 4, 2016.
             Slain by a hound (5 damage)
             ... on level 4 of the Dungeon.
             The game lasted 00:02:51 (467 turns).

4thArraOfDagon the Skirmisher (Demigod Wanderer)     Turns: 467, Time: 00:02:52

Health: -1/48      AC:  8    Str: 14    XL:     5   Next: 37%
Magic:  7/7        EV:  9    Int: 15    God:
Gold:   97         SH:  0    Dex: 16    Spells: 0 memorised, 4 levels left

rFire  . . .     SeeInvis .     j - +0 mace (curse)
rCold  . . .     Gourm    .     a - +2 scale mail
rNeg   . . .     Faith    .     (no shield)
rPois  .         Spirit   .     (no helmet)
rElec  .         Dismiss  .     (no cloak)
rCorr  .         Reflect  .     (no gloves)
SustAt +         Harm     .     (no boots)
MR     .....                    (no amulet)
Stlth  ..........               (no ring)
                                g - -3 ring of intelligence (curse)

@: very slightly contaminated, not resistant to hostile enchantments, extremely
unstealthy
A: high mp 1, sustain attributes
a: no special abilities


You were on level 4 of the Dungeon.
You were not hungry.

You visited 1 branch of the dungeon, and saw 4 of its levels.

You collected 97 gold pieces.

Inventory:

Hand Weapons
 b - a +0 mace
 e - a +0 hand axe
 j - a cursed +0 mace (weapon)
 l - a +0 war axe
Missiles
 i - 4 poisoned tomahawks (quivered)
Armour
 a - a +2 scale mail (worn)
Jewellery
 g - a cursed -3 ring of intelligence (left hand)
Scrolls
 c - 2 scrolls of teleportation
 h - a scroll of fog {unknown}
 k - a scroll of magic mapping
Comestibles
 d - a bread ration


   Skills:
 - Level 5.2 Fighting
 * Level 4.3 Axes
 - Level 1.7 Throwing
 - Level 2.6 Armour


You had 4 spell levels left.
You didn't know any spells.

Dungeon Overview and Level Annotations

Branches:
Dungeon (4/15)
 Temple: D:4-7


Innate Abilities, Weirdness & Mutations

You have an increased reservoir of magic. (+10% MP)
Your attributes are resistant to harm.


Message History

Unknown command.
Unknown command.
Unknown command.
Unknown command.
The orc wizard gestures wildly while chanting.
The orc wizard blinks!
Unknown command.
Unknown command.
Unknown command.
Unknown command.
The orc priest miscasts a cantrip.
The hound bites you but does no damage.
Unknown command.
The hound bites you.
* * * LOW HITPOINT WARNING * * *
Unknown command.
Unknown command.
Unknown command.
The hound bites you.
You die...

..# #####..# ......#
####..#.# ##...)...##
#.........#
#.......###.# o.
#....o.h@...# ....
#....l..###.....
....###)o.....# ^.^
......).......# ^
.##....#......#
#............#
#............#
#.........##########
.....................


You could see an iguana, a hound, an orc priest and an orc wizard.

Vanquished Creatures
  An ogre (D:4)
  3 orc priests (D:4)
  An adder (D:3)
  An ooze (D:1)
  A dart slug (D:1)
  A giant gecko (D:1)
  4 orcs (D:4)
  2 bats
  A giant cockroach (D:1)
  2 goblins
  4 hobgoblins
  4 jackals
  A ball python (D:2)
  A giant newt (D:1)
  6 kobolds
33 creatures vanquished.

Notes
Turn   | Place    | Note
-------+----------+-------------------------------------------
     0 | D:1      | 4thArraOfDagon the Demigod Wanderer began the quest for the Orb.
     0 | D:1      | 4thArraOfDagon set off with: a +2 scale mail, a +0 mace, a scroll of teleportation, a bread ration
     0 | D:1      | Reached XP level 1. HP: 22/22 MP: 3/3
    91 | D:1      | Reached skill level 5 in Fighting
    91 | D:1      | Reached XP level 2. HP: 23/29 MP: 4/4
   258 | D:2      | Found a faded altar of an unknown god.
   331 | D:2      | Found a shimmering altar of Xom.
   339 | D:2      | jacquesderrida: kukukuku
   356 | D:2      | jacquesderrida: DENGEN
   386 | D:3      | Reached skill level 1 in Axes
   386 | D:3      | Reached XP level 3. HP: 18/36 MP: 5/5
   425 | D:4      | Noticed an ogre
   430 | D:4      | Killed an ogre
   430 | D:4      | Reached XP level 4. HP: 33/42 MP: 6/6
   456 | D:4      | Reached XP level 5. HP: 42/48 MP: 7/7
   467 | D:4      | Slain by a hound

Vault maps used:
D:1:      erik_arrival_triangle_small
D:2:      nicolae_overflow_hidden_temple, ecumenical_altar_2, uniq_iyjb,
          uniq_sigmund
D:3:      overflow_temple_1_default, hangedman_decor_growths, st_stairs_4,
          corner_web_ring
D:4:      fedhas_bush_and_centaur_altar, bloody_trog, first_bread,
          xom_teletrap_fun

Skill      XL: |  1  2  3  4 |
---------------+-------------+-----
Fighting       | 5 |  5.2
Axes           | 1 3 4 |  4.3
Throwing       | |  1.7
Armour         | |  2.6

Action                   |  1- 3 |  4- 6 || total
-------------------------+-------+-------++-------
Melee: Mace              |    98 |    10 ||   108
       Hand axe          |    11 |       ||    11
  Use: Scroll            |     2 |       ||     2
       Potion            |     3 |     1 ||     4
Armor: Scale mail        |    64 |     7 ||    71
Dodge: Dodged            |    63 |     7 ||    70
